[Event "*** Titled Tuesday Blitz"]
[Site "Chess.com"]
[Date "2021.02.09"]
[Round "6"]
[White "francyIM"]
[Black "Dave_ChessMate"]
[Result "1-0"]
[WhiteElo "2571"]
[BlackElo "2386"]
[TimeControl "180+1"]
[EndTime "11:08:01 PST"]
[Termination "francyIM won by resignation"]

1. d4 Nf6 2. Nf3 g6 3. Nbd2 d5 4. e3 Bg7 5. b3 O-O 6. Bb2 c6 7. h3 Bf5 8. Nh4 Be6 9. Bd3 Nbd7 10. O-O Rc8 11. Nhf3 h6 12. c4 c5 13. Rc1 b6 14. a3 dxc4 15. Nxc4 Nd5 16. Qd2 cxd4 17. Nxd4 Nc5 18. Nxe6 Nxe6 19. Bxg7 Kxg7 20. Rfd1 Nc5 21. e4 Nf6 22. e5 Nxb3 23. exf6+ exf6 24. Qe1 Nxc1 25. Bf1 Qc7 26. Nd6 Rcd8 27. Qb4 a5 28. Qf4 Nb3 29. Nf5+ gxf5 30. Qxc7 Rxd1 31. Qg3+ Kh7 32. Qxb3 Rfd8 33. Qxf7+ Kh8 34. Qxf6+ Kh7 35. Qxf5+ Kh8 36. g3 R1d7 37. Kg2 Rg7 1-0

[Event "*** Titled Tuesday Blitz"]
[Site "Chess.com"]
[Date "2021.02.09"]
[Round "6"]
[White "MaevskiyNikolay"]
[Black "Grammnik"]
[Result "1/2-1/2"]
[WhiteElo "2532"]
[BlackElo "2418"]
[TimeControl "180+1"]
[EndTime "11:08:01 PST"]
[Termination "Game drawn by agreement"]

1. c4 c5 2. Nc3 Nf6 3. g3 d5 4.
cxd5 Nxd5 5. Bg2 Nc7 6. Qb3 Nc6 7. Bxc6+ bxc6 8. d3 e5 9. Nf3 f6 10. Be3 Nd5 11. Ne4 Nxe3 12. fxe3 Qd5 13. Qa4 Bd7 14. Rc1 Be7 15. Qa5 c4 16. Qxd5 cxd5 17. Nc3 Bb4 18.
O-O Be6 19. d4 e4 20. Nd2 Rc8 21. Rc2 Kf7 22. Rfc1 Rc6 23. b3 cxb3 24. Nxb3 Rhc8 25. Nc5 Bxc5 26. dxc5 Rxc5 27. Kf1 g5 28. Ke1 Rc4 29. Kd2 d4 30. exd4 Rxd4+ 31. Ke3 Rdc4 32. Kd2 f5 33. e3 Rd8+ 34. Ke2 Rdc8 35. Kd2 Kf6 36. a3 Ke5 37. Ne2 Rxc2+ 38. Rxc2 Rxc2+ 39. Kxc2 Bd5 40. Kc3 a5 41. h4 gxh4 42. gxh4 1/2-1/2

[Event "*** Titled Tuesday Blitz"]
[Site "Chess.com"]
[Date "2021.02.09"]
[Round "6"]
[White "klimkoj"]
[Black "queen_iryna"]
[Result "1-0"]
[WhiteElo "2557"]
[BlackElo "2336"]
[TimeControl "180+1"]
[EndTime "11:08:02 PST"]
[Termination "klimkoj won by checkmate"]

1. e4 d6 2. d4 Nf6 3. Nc3 e5 4. Nf3 Nbd7 5. Rg1 g6 6. g4 Bg7 7. Be3 c6 8. Qd2 b5 9. g5 Nh5 10.
O-O-O Qa5 11. dxe5 Nxe5 12. Nxe5 Bxe5 13. f4 Bxc3 14. Qxc3 Qxc3 15. bxc3 Ke7 16. Be2 Be6 17.
Kb2 Bc4 18. Bxh5 gxh5 19. Bd4 Rhc8 20. Bf6+ Ke8 21. Rxd6 a5 22. f5 b4 23. a3 bxa3+ 24.
Kxa3 a4 25. Rb1 Bb5 26. Rb4 Ra7 27. c4 Ba6 28. Rxa4 Rca8 29. Kb2 Rb8+ 30. Kc3 Rba8 31. c5 Bb5 32. Rxa7 Rxa7 33. Rd8# 1-0

[Event "*** Titled Tuesday Blitz"]
[Site "Chess.com"]
[Date "2021.02.09"]
[Round "6"]
[White "woodhy"]
[Black "Darius321"]
[Result "1-0"]
[WhiteElo "2448"]
[BlackElo "2278"]
[TimeControl "180+1"]
[EndTime "11:08:02 PST"]
[Termination "woodhy won on time"]

1. e4 c5 2. Nf3 g6 3. d4 cxd4 4. Nxd4 Bg7 5. Be3 Nc6 6. c4 Nf6 7. Nc3 Qa5 8. Bd3 d6 9. h3 Ne5 10. O-O Nxd3 11. Qxd3 O-O 12. a3 Nd7 13. b4 Ne5 14.
Qe2 Qc7 15. Nd5 Qxc4 16. Nxe7+ Kh8 17. Nxc8 Raxc8 18. Rac1 Qxe2 19. Nxe2 Nc4 20. Bxa7 Nxa3 21. Bd4 Nb5 22. Bxg7+ Kxg7 23. Rfd1 Rc6 24. Rd5 Rxc1+ 25. Nxc1 Nc3 26. Rxd6 Nxe4 27. Rd7 b5 28. Rb7 Nc3 29. Nd3 Re8 30. f4 Re4 31. Rd7 Ne2+ 32. Kf2 Nxf4 33. Kf3 Nxd3 34. Kxe4 Nxb4 35. Rb7 Nc2 36. Rxb5 Ne1 37.
Rb2 f5+ 38. Ke3 f4+ 39. Ke4 g5 40. Re2 1-0

[Event "*** Titled Tuesday Blitz"]
[Site "Chess.com"]
[Date "2021.02.09"]
[Round "6"]
[White "Marty435"]
[Black "Tenamu"]
[Result "1-0"]
[WhiteElo "2594"]
[BlackElo "2412"]
[TimeControl "180+1"]
[EndTime "11:08:04 PST"]
[Termination "Marty435 won by resignation"]

1. c4 e5 2. Nc3 Nc6 3. Nf3 Bc5 4. Nxe5 Bxf2+ 5. Kxf2 Nxe5 6. d4 Nxc4 7. e4 d5 8.
Nxd5 Nd6 9. Bd3 Nf6 10. Re1 O-O 11. Nc3 Ng4+ 12. Kg3 f5 13. e5 Ne4+ 14. Bxe4 fxe4 15. Nxe4 h5 16. Bg5 Qd5 17. h3 Bf5 18. Nc3 Qf7 19.
hxg4 Bxg4 20. Qd2 Qg6 21. Kh2 Rf5 22. Bh4 Raf8 23. Nd5 Qe6 24. Ne7+ Kh7 25. Nxf5 Rxf5 26. Rf1 Rxf1 27. Rxf1 Bf5 28. Bg3 Bg6 29. d5 Qg4 30.
Rf4 Qg5 31. e6 Kg8 32. Qd4 Be8 33. Bh4 Qg6 34. Qe5 Qc2 35. e7 Kh7 36. Rf8 Bg6 37. e8=Q Bxe8 38. Qxe8 Qg6 1-0

[Event "*** Titled Tuesday Blitz"]
[Site "Chess.com"]
[Date "2021.02.09"]
[Round "6"]
[White "Andrakhanova"]
[Black "WilliamSchill"]
[Result "1-0"]
[WhiteElo "2252"]
[BlackElo "1973"]
[TimeControl "180+1"]
[EndTime "11:08:06 PST"]
[Termination "Andrakhanova won on time"]

1. c4 Nf6 2. Nc3 g6 3. b3 Bg7 4. Bb2 O-O 5. g3 d6 6. Bg2 e5 7. Nf3 Nc6 8. O-O h6 9. d4 exd4 10.
Nxd4 Nxd4 11. Qxd4 Nd7 12. Qd2 Nc5 13. Rad1 Re8 14.
h3 Bf5 15. Rfe1 Ne4 16. Nxe4 Bxb2 17. Nxd6 Qxd6 18. Qxb2 Qe6 19. g4 Be4 20. Bxe4 Qxe4 21. Qd4 Qxd4 22. Rxd4 Re7 23. e3 Rae8 24. Red1 a5 25.
Rd5 b6 26. c5 Kg7 27. cxb6 cxb6 28. Rb5 Re6 29. Rd7 Rc8 30. a4 Rc1+ 31. Kg2 Rc2 32. Kg3 Rf6 33. f4 Re6 34. Re5 Rxe5 35. fxe5 Rc3 36. Kf3 Rxb3 37. e6 Kf8 38. Rxf7+ Ke8 39. Rb7 Rb4 40. h4 Rxa4 41. Rxb6 Rb4 42.
Ra6 a4 43. Ra7 h5 44. gxh5 gxh5 45. e4 Rb6 46. e7 1-0

[Event "*** Titled Tuesday Blitz"]
[Site "Chess.com"]
[Date "2021.02.09"]
[Round "6"]
[White "DrVelja"]
[Black "suyu28"]
[Result "1-0"]
[WhiteElo "2836"]
[BlackElo "2647"]
[TimeControl "180+1"]
[EndTime "11:08:08 PST"]
[Termination "DrVelja won on time"]

1. e4 c6 2. d4 d5 3. e5 Bf5 4. h4 h5 5. Bd3 Bxd3 6. Qxd3 e6 7. Bg5 Qa5+ 8. Nd2 Qa6 9. c4 Ne7 10. Ne2 Nf5 11. O-O Nd7 12. b3 Be7 13. Bxe7 Nxe7 14.
Nf3 Nf5 15. Ng3 g6 16. Nxf5 gxf5 17. Rfc1 dxc4 18. bxc4 O-O-O 19. Qb3 f6 20. exf6 Nxf6 21. Ng5 Rhe8 22. Nf7 Rd7 23. Ne5 Rxd4 24. Rd1 c5 25.
Rxd4 cxd4 26. c5 Nd5 27. Rd1 Nc3 28. Rd2 Ne2+ 29. Kh2 Nc3 30. Rxd4 Nd5 31. c6 b5 32.
Rxd5 exd5 33. Qxd5 Re7 34. Qd6 Rh7 35. Nd7 1-0

[Event "*** Titled Tuesday Blitz"]
[Site "Chess.com"]
[Date "2021.02.09"]
[Round "6"]
[White "Godzillator"]
[Black "ajedrez1101"]
[Result "0-1"]
[WhiteElo "2256"]
[BlackElo "2092"]
[TimeControl "180+1"]
[EndTime "11:08:08 PST"]
[Termination "ajedrez1101 won by resignation"]

1. d4 b6 2. c4 Bb7 3. Nc3 e6 4.
Qc2 Qh4 5. e3 Bb4 6. Nf3 Bxf3 7.
gxf3 Nf6 8. a3 Bxc3+ 9. Qxc3 O-O 10. b3 d6 11. Bb2 Nbd7 12. Qd2 e5 13. O-O-O exd4 14.
exd4 Nh5 15. Bd3 Qf4 16. Be4 Rad8 17. Rhg1 Qxd2+ 18. Kxd2 Ndf6 19. d5 g6 20. Bf5 Rfe8 21. Rg5 Kf8 22. Bd3 Nd7 23. Rdg1 Ne5 24. Be2 Nf4 25. Bxe5 dxe5 26. Re1 c6 27. Bf1 f6 28. Rg4 cxd5 29. Kc3 d4+ 30. Kb2 d3 31. Rd1 Rd4 32.
Kc3 Red8 33. Rd2 h5 34. Rg1 f5 35. b4 Kf7 36. c5 bxc5 37. bxc5 Rc8 38. Bxd3 Rxc5+ 39. Kb3 Rxd3+ 40. Rxd3 Nxd3 41. Rd1 e4 42. fxe4 fxe4 43.
Rd2 Rf5 44. Kc4 Rxf2 45. Rd1 Nb2+ 0-1

[Event "*** Titled Tuesday Blitz"]
[Site "Chess.com"]
[Date "2021.02.09"]
[Round "6"]
[White "lagedema"]
[Black "bylavochka"]
[Result "0-1"]
[WhiteElo "2490"]
[BlackElo "2093"]
[TimeControl "180+1"]
[EndTime "11:08:08 PST"]
[Termination "bylavochka won by resignation"]

1. e4 c5 2. Nf3 d6 3. d4 cxd4 4. Nxd4 Nf6 5. Nc3 g6 6. Be3 Bg7 7. f3 O-O 8. Qd2 Nc6 9. O-O-O Nxd4 10. Bxd4 Be6 11. g4 Qa5 12. g5 Nh5 13. Bxg7 Nxg7 14.
Kb1 Rfc8 15. a3 Rab8 16. Nb5 Qxd2 17. Rxd2 a6 18. Nd4 Bd7 19. h4 Nh5 20. b3 b5 21.
Kb2 Rc7 22. Rg1 Nf4 23. c4 bxc4 24. Rc2 e5 25. Bxc4 exd4 26. Bxf7+ Kxf7 27. Rxc7 Ke7 28. Rd1 d3 29. Rd2 Ne6 30. Rxd3 Nxc7 31. b4 Ne6 32. Kc3 a5 33. bxa5 Ra8 34. Kb4 Nc5 35. Rd1 Rb8+ 36. Kc4 Be6+ 37. Kd4 Ra8 38. e5 Rxa5 39. exd6+ Kxd6 40. Ke3+ Ke5 41. Rc1 Rxa3+ 42. Ke2 Nb3 43. Rc7 Nd4+ 44. Ke1 Nxf3+ 45. Kf2 Nxh4 46. Rxh7 Kf5 47.
Rh8 Kxg5 48. Re8 Bf5 49. Rb8 Ra2+ 50. Ke3 Ng2+ 51. Kd4 Nf4 52. Ke5 Nd3+ 53. Kd4 Kf4 54. Rb1 g5 55. Rf1+ Rf2 56. Rg1 g4 57. Kc3 g3 58. Kd4 Kf3 59. Kc3 g2 60. Kd4 Rf1 61. Rxg2 Kxg2 0-1

[Event "*** Titled Tuesday Blitz"]
[Site "Chess.com"]
[Date "2021.02.09"]
[Round "6"]
[White "TST2014"]
[Black "vinniethepooh"]
[Result "0-1"]
[WhiteElo "2572"]
[BlackElo "2757"]
[TimeControl "180+1"]
[EndTime "11:08:09 PST"]
[Termination "vinniethepooh won by checkmate"]

1. d4 Nf6 2. c4 e6 3. Nf3 d5 4. Nc3 c6 5. e3 Nbd7 6. Qc2 Bd6 7. Be2 dxc4 8. a4 O-O 9. O-O e5 10.
Bxc4 Qc7 11. a5 Re8 12. h3 h6 13. Nh4 Nf8 14. Nf5 e4 15. Nxd6 Qxd6 16. b3 Ng6 17. Ba3 Qc7 18. a6 b5 19. Be2 Qb8 20. Bc5 Nh4 21. b4 Bf5 22. Rfd1 Qc8 23. Bf1 Qe6 24.
Qa2 Nd5 25. Ne2 Qg6 26. Ng3 Nxe3 27. fxe3 Qxg3 28. Kh1 Re6 29. d5 Rg6 30. dxc6 Nf3 31. Bd6 Qxh3+ 32. gxh3 Rg1# 0-1

[Event "*** Titled Tuesday Blitz"]
[Site "Chess.com"]
[Date "2021.02.09"]
[Round "6"]
[White "AttackSparrow"]
[Black "QuintilianoR"]
[Result "0-1"]
[WhiteElo "2479"]
[BlackElo "2689"]
[TimeControl "180+1"]
[EndTime "11:08:09 PST"]
[Termination "QuintilianoR won by checkmate"]

1. e4 e6 2. d4 d5 3. Nd2 Nc6 4. Ngf3 Nf6 5. e5 Nd7 6. Bb5 a6 7. Bxc6 bxc6 8. O-O c5 9. c4 Bb7 10. Re1 Be7 11. dxc5 Nxc5 12. b3 d4 13. Ba3 Nd3 14.
Bxe7 Qxe7 15. Rf1 c5 16. Qb1 Nf4 17. Ne4 O-O 18. Re1 a5 19. g3 Ng6 20. Qd1 Qc7 21. Ned2 h6 22. h4 f6 23. exf6 Rxf6 24. Ne4 Bxe4 25.
Rxe4 Raf8 26. h5 Rxf3 27. hxg6 Rxg3+ 28. fxg3 Qxg3+ 29. Kh1 Rf2 30. Qh5 Qg2# 0-1

[Event "*** Titled Tuesday Blitz"]
[Site "Chess.com"]
[Date "2021.02.09"]
[Round "6"]
[White "NiranjanNavalgund"]
[Black "zmeeed67"]
[Result "1-0"]
[WhiteElo "2510"]
[BlackElo "2316"]
[TimeControl "180+1"]
[EndTime "11:08:09 PST"]
[Termination "NiranjanNavalgund won on time"]

1. d4 d5 2. Nf3 Nf6 3. Bf4 c5 4. c3 Nc6 5. e3 Qb6 6. Qb3 c4 7. Qc2 Bf5 8. Qc1 e6 9. Be2 Qd8 10.
Nbd2 Bd6 11. Bxd6 Qxd6 12. b3 cxb3 13. axb3 O-O 14. Qa3 Qc7 15. O-O a5 16. Rfc1 e5 17. dxe5 Nxe5 18. Nxe5 Qxe5 19. Nf3 Qc7 20. Ra2 b6 21.
Nd4 Be4 22. Rd2 Rac8 23. Nb5 Qe5 24. Qd6 Qg5 25. Qg3 Qxg3 26. hxg3 Rfd8 27. f3 Bf5 28.
Kf2 Be6 29. g4 h6 30. Rd4 Kf8 31. Ke1 Ke7 32. Kd2 Nd7 33. Kc2 Rc5 34. Kb2 Rdc8 35. f4 f6 36. Na3 Nb8 37. Rd2 Nc6 38. Nb5 Ra8 39. Nc7 1-0

[Event "*** Titled Tuesday Blitz"]
[Site "Chess.com"]
[Date "2021.02.09"]
[Round "6"]
[White "LucaBrasi1968"]
[Black "rugbyclub"]
[Result "1-0"]
[WhiteElo "2536"]
[BlackElo "2301"]
[TimeControl "180+1"]
[EndTime "11:08:10 PST"]
[Termination "LucaBrasi1968 won by resignation"]

1. d4 Nf6 2. Nf3 g6 3. Bg5 Bg7 4. e3 O-O 5. Bd3 d6 6. O-O Nc6 7.
c3 h6 8. Bh4 Qe8 9. Nbd2 e5 10.
Qc2 Nh5 11. dxe5 dxe5 12. e4 Nf4 13. Bc4 Kh8 14. Rfd1 Be6 15. Bxe6 Qxe6 16. Qb3 Qg4 17. Bg3 Rab8 18. Nc4 h5 19. Ne3 Qe6 20. Nd5 Ne2+ 21. Kf1 Nxg3+ 22. hxg3 Rfc8 23. Rd2 Bf6 24. Rad1 Kg7 25.
Ne3 Rd8 26. Qxe6 fxe6 27. Nc4 Kf7 28. Rxd8 Rxd8 29. Rxd8 Nxd8 30. Ncxe5+ Bxe5 31. Nxe5+ Kf6 32. Nd3 Nc6 33. Ke2 g5 34. f4 b6 35. Kf3 Na5 36. b3 Nc6 37. g4 hxg4+ 38. Kxg4 gxf4 39. Kxf4 e5+ 40. Kg4 Kg6 41. g3 a5 42. a4 Nd8 43.
Nxe5+ Kf6 44. Nd3 Nc6 45. Kf4 Ke6 1-0

[Event "*** Titled Tuesday Blitz"]
[Site "Chess.com"]
[Date "2021.02.09"]
[Round "6"]
[White "zacachess"]
[Black "tylityli"]
[Result "0-1"]
[WhiteElo "2407"]
[BlackElo "2287"]
[TimeControl "180+1"]
[EndTime "11:08:10 PST"]
[Termination "tylityli won by resignation"]

1. e4 e5 2. Nf3 Nc6 3. d4 exd4 4. Nxd4 Nf6 5. Nc3 Bb4 6. Nxc6 bxc6 7. Bd3 d5 8. exd5 cxd5 9. O-O O-O 10. h3 h6 11. Bf4 c6 12. Qf3 Bd6 13. Rad1 Rb8 14. b3 Rb4 15. Ne2 Bxf4 16. Nxf4 Qd6 17. Ne2 a5 18. c3 Rb7 19. c4 Re7 20. Nd4 Rfe8 21.
cxd5 cxd5 22. Rc1 Bd7 23. Bb5 Qe5 24. Bxd7 Rxd7 25. Nc6 Qd6 26. Rfd1 Qa3 27. Rc2 a4 28. b4 Qxf3 29. gxf3 Rb7 30. a3 Kf8 31. Nd4 Nh5 32.
Rdc1 Nf4 33. Rc7 Nxh3+ 34. Kg2 Nf4+ 35. Kg3 Rxc7 36. Rxc7 Nd3 37. Ra7 Nb2 38. Rxa4 Nxa4 0-1

[Event "*** Titled Tuesday Blitz"]
[Site "Chess.com"]
[Date "2021.02.09"]
[Round "6"]
[White "mamonika"]
[Black "CzechmVIII"]
[Result "1-0"]
[WhiteElo "2042"]
[BlackElo "2246"]
[TimeControl "180+1"]
[EndTime "11:08:10 PST"]
[Termination "mamonika won on time"]

1. e4 c5 2. Nf3 d6 3. d4 cxd4 4.
Nxd4 Nf6 5. Nc3 g6 6. Be2 Bg7 7. O-O Nc6 8. Nb3 O-O 9. Bg5 Be6 10. Re1 Rc8 11. Bf1 a5 12. a4 Bxb3 13. cxb3 e6 14. Nb5 h6 15. Bxf6 Qxf6 16. Qxd6 Rfd8 17. Qg3 Qxb2 18. Rad1 Rxd1 19. Rxd1 Nd4 20. Nxd4 Bxd4 21. Bc4 Be5 22. Qd3 Bf6 23. Qf3 Qe5 24. g3 Kg7 25. Rd7 Rd8 26. Rxb7 Qa1+ 27. Kg2 Rd1 28. Bxe6 Rg1+ 29. Kh3 Qf1+ 30. Kg4 h5+ 31. Kf4 Qc1+ 32. Qe3 g5+ 33. Kf5 1-0

[Event "*** Titled Tuesday Blitz"]
[Site "Chess.com"]
[Date "2021.02.09"]
[Round "6"]
[White "Alindsay211"]
[Black "bangchess21"]
[Result "0-1"]
[WhiteElo "2425"]
[BlackElo "2731"]
[TimeControl "180+1"]
[EndTime "11:08:12 PST"]
[Termination "bangchess21 won on time"]

1. d4 Nc6 2. Nf3 e6 3. e3 Nf6 4. Nbd2 d5 5. Bd3 Bd6 6. c3 e5 7. dxe5 Nxe5 8. Nxe5 Bxe5 9. Nf3 Bd6 10. O-O c6 11.
Qc2 Bg4 12. Nd4 Qe7 13. Bf5 Bh5 14. Bd2 Bg6 15. Bxg6 hxg6 16. h3 Qe5 17. f4 Qe4 18.
Qb3 Qe7 19. c4 Ne4 20. Rad1 dxc4 21. Qxc4 Nxd2 22. Rxd2 Qxe3+ 23. Rdf2 O-O 24. Kh1 Rae8 25. Rf3 Qe4 26. Qc3 Be7 27. Nc2 Bf6 28. Qb3 Qe7 29. Re1 Qd7 30. Rxe8 Rxe8 31. Ne3 Qd2 32. Ng4 Qe1+ 33.
Kh2 Bd4 34. Qxb7 Bg1+ 35. Kh1 Bf2+ 0-1

[Event "*** Titled Tuesday Blitz"]
[Site "Chess.com"]
[Date "2021.02.09"]
[Round "6"]
[White "Supernotar"]
[Black "Kovalchuk94"]
[Result "1-0"]
[WhiteElo "2801"]
[BlackElo "2637"]
[TimeControl "180+1"]
[EndTime "11:08:12 PST"]
[Termination "Supernotar won on time"]

1. d4 Nf6 2. c4 c5 3. d5 b5 4. Nf3 g6 5. b3 Bg7 6. Bb2 d6 7. Nbd2 O-O 8. e4 bxc4 9. Bxc4 Nbd7 10. Qc2 Nb6 11. O-O a5 12. Rfe1 a4 13. h3 Ba6 14.
Rad1 axb3 15. axb3 Nxc4 16. bxc4 Rb8 17. Bc3 Qc7 18.
e5 Ne8 19. exd6 Nxd6 20. Bxg7 Kxg7 21. Qc3+ Kg8 22. Ne5 h5 23. g4 hxg4 24. hxg4 Rbe8 25.
Re3 e6 26. g5 exd5 27. cxd5 Nf5 28. Ng4 Rxe3 29. Nxe3 Qf4 30. Qf6 Be2 31. Re1 Bd3 32.
Ndf1 1-0

[Event "*** Titled Tuesday Blitz"]
[Site "Chess.com"]
[Date "2021.02.09"]
[Round "6"]
[White "J36225"]
[Black "Sofiia_Hryzlova"]
[Result "1-0"]
[WhiteElo "2481"]
[BlackElo "2280"]
[TimeControl "180+1"]
[EndTime "11:08:13 PST"]
[Termination "J36225 won by checkmate"]

1. e4 c5 2. Nf3 Nc6 3. Bb5 e6 4.
O-O Nge7 5. Re1 a6 6. Bf1 g6 7. c3 e5 8. d4 cxd4 9. cxd4 exd4 10.
Nxd4 Bg7 11. Be3 O-O 12. Nc3 d6 13. Qd2 h5 14. Rad1 Ne5 15. h3 b5 16. f4 Nc4 17.
Bxc4 bxc4 18. Nf3 Rb8 19. Bd4 f6 20. Kh1 Be6 21. Be3 Bf7 22. Nd4 Qc7 23. f5 Rfd8 24. fxg6 Nxg6 25. Nf5 Bf8 26. Nd5 Bxd5 27. Qxd5+ Qf7 28.
Qd2 Rb5 29. Bh6 d5 30. Bxf8 Kxf8 31. Qh6+ Kg8 32. Qxh5 Qh7 33. Qg4 Kh8 34. exd5 Ne5 35. Rxe5 fxe5 36. d6 Rxb2 37. Qg5 Rf8 38. d7 Rbb8 39.
d8=Q Rbxd8 40. Rxd8 Rxd8 41. Qxd8+ Qg8 42. Qf6+ Kh7 43.
Qh6# 1-0

[Event "*** Titled Tuesday Blitz"]
[Site "Chess.com"]
[Date "2021.02.09"]
[Round "6"]
[White "KononenkoD"]
[Black "dpopadic"]
[Result "1-0"]
[WhiteElo "2527"]
[BlackElo "2327"]
[TimeControl "180+1"]
[EndTime "11:08:14 PST"]
[Termination "KononenkoD won on time"]

1. d4 Nf6 2. c4 g6 3. Nc3 Bg7 4. Nf3 d6 5. g3 O-O 6. Bg2 Nbd7 7. O-O e5 8. e4 exd4 9. Nxd4 Re8 10. Re1 a6 11. h3 Rb8 12. Be3 c5 13. Nc2 Ne5 14. b3 b5 15. f4 Ned7 16. Qxd6 b4 17. e5 bxc3 18. exf6 Bxf6 19. Bxc5 Bb7 20. Rxe8+ Qxe8 21. Re1 Qc8 22. Bxb7 Qxb7 23. Bd4 Bxd4+ 24. Qxd4 Nf8 25. Qxc3 Rd8 26. Qe3 Ne6 27. c5 Qd5 28. b4 Qxa2 29.
Qc3 Qd5 30. Re2 a5 31. bxa5 Nxc5 32. Ne3 Qd6 33. Ng4 Qd4+ 34. Qxd4 Rxd4 35. Ra2 Na6 36.
Kf2 Kg7 37. Ne5 Rb4 38. Ke3 Rb3+ 39. Kf2 h5 40. h4 1-0

[Event "*** Titled Tuesday Blitz"]
[Site "Chess.com"]
[Date "2021.02.09"]
[Round "6"]
[White "NoGalloNoParty"]
[Black "onetowin"]
[Result "1-0"]
[WhiteElo "2360"]
[BlackElo "2026"]
[TimeControl "180+1"]
[EndTime "11:08:14 PST"]
[Termination "NoGalloNoParty won on time"]

1. d4 Nf6 2. Nf3 e6 3. c4 d5 4. g3 Be7 5. Bg2 O-O 6. O-O dxc4 7. Qc2 a6 8. a4 Bd7 9. Qxc4 Bc6 10. Bg5 Bd5 11.
Qc1 c5 12. dxc5 Nbd7 13. Nc3 Nxc5 14. Nxd5 Nxd5 15. Qxc5 Bxc5 16. Bxd8 Rfxd8 17. Ne5 Bd4 18. Nd3 Rac8 19. Rac1 Bf6 20. Rfd1 Be7 21. Kf1 b6 22. Rxc8 Rxc8 23. Bxd5 exd5 24. Nf4 d4 25. b3 Bc5 26.
Rc1 Rd8 27. Nd3 Rd5 28. b4 Bf8 29. Rc6 a5 30. b5 Bc5 31. Nxc5 Rxc5 32. Rxb6 Kf8 33.
Ra6 Ke7 34. Rxa5 Rc1+ 35. Kg2 Rc2 36. Kf3 Kd6 37. Ra7 Ra2 38. Rxf7 1-0

[Event "*** Titled Tuesday Blitz"]
[Site "Chess.com"]
[Date "2021.02.09"]
[Round "6"]
[White "lacafi"]
[Black "ChessQueen"]
[Result "0-1"]
[WhiteElo "2210"]
[BlackElo "2784"]
[TimeControl "180+1"]
[EndTime "11:08:14 PST"]
[Termination "ChessQueen won on time"]

1. d4 Nf6 2. Nf3 e6 3. e3 b6 4. Bd3 Bb7 5. Nbd2 c5 6. Qe2 Be7 7. O-O Qc7 8. c3 h5 9. e4 d6 10. e5 Nd5 11. Ne4 dxe5 12. dxe5 Nc6 13. Nd6+ Bxd6 14.
exd6 Qxd6 15. Rd1 O-O-O 16. Bg5 f6 17. c4 fxg5 18. cxd5 exd5 19. Nxg5 Nd4 20. Qd2 Rhf8 21.
b4 Qf4 22. Qxf4 Rxf4 23. bxc5 bxc5 24. Rac1 c4 25. Bf1 Rdf8 26. Bxc4 Kb8 27. g3 Rxf2 28.
Rxd4 dxc4 29. Ne4 Rxa2 30. Rcxc4 Ra1+ 31. Kg2 Re1 32. Kh3 Rxe4 33. Rxe4 Bxe4 34. Rxe4 Rf5 35.
Kh4 a5 36. Re7 a4 37. Re4 Ra5 0-1

[Event "*** Titled Tuesday Blitz"]
[Site "Chess.com"]
[Date "2021.02.09"]
[Round "6"]
[White "Kiborg95"]
[Black "Alexander_Zubov"]
[Result "0-1"]
[WhiteElo "2714"]
[BlackElo "2979"]
[TimeControl "180+1"]
[EndTime "11:08:15 PST"]
[Termination "Alexander_Zubov won by resignation"]

1. e4 c5 2. Nc3 e6 3. Nf3 a6 4.
d4 cxd4 5. Nxd4 b5 6. Bd3 Qb6 7. Nb3 Qc7 8. O-O Bb7 9. Be3 Nf6 10. f4 d6 11. Qf3 Nbd7 12. Rae1 b4 13. Nd1 d5 14. Nf2 Be7 15. Bd4 dxe4 16. Nxe4 O-O 17.
Qg3 g6 18. Ng5 Nc5 19. Qh3 h5 20. Kh1 Nxd3 21. cxd3 Ng4 22. Be5 Nxe5 23. Rxe5 Bf6 24. d4 Rad8 25. Qe3 Qc2 26. Nd2 Qxb2 27. Nge4 Bg7 28. Nf3 Bxe4 29. Qxe4 Qxa2 30. Qe3 b3 31. Qe4 b2 32. Rg5 Qa1 33. Rb1 Rc8 0-1

[Event "*** Titled Tuesday Blitz"]
[Site "Chess.com"]
[Date "2021.02.09"]
[Round "6"]
[White "Khnykin_Nikolay"]
[Black "orrbaverlekszarnyon"]
[Result "0-1"]
[WhiteElo "2049"]
[BlackElo "2287"]
[TimeControl "180+1"]
[EndTime "11:08:17 PST"]
[Termination "orrbaverlekszarnyon won on time"]

1. d4 Nf6 2. Nc3 d5 3. Bf4 e6 4. Nf3 Bb4 5. e3 Ne4 6. Qd3 c5 7. dxc5 Qa5 8. Qb5+ Nc6 9. Qxa5 Bxa5 10. O-O-O Bxc3 11. bxc3 Nxc3 12. Rd3 Nxa2+ 13. Kb2 Nab4 14. Rb3 a5 15.
Bb5 O-O 16. Bxc6 bxc6 17. Ra1 f6 18. Rxb4 e5 19. Bg3 Bf5 20. Rba4 Rfb8+ 21. Kc1 Rb5 22. Nh4 Bd7 23. Nf3 Bf5 24. Nd2 Rxc5 25. R1a2 h5 26. f3 Be6 27. Nb3 Rc3 28. Rxa5 Rb8 29. Ra8 Rxa8 30.
Rxa8+ Kf7 31. Kb2 Rxe3 32. Bf2 Re2 33. Bc5 Bf5 34. Rf8+ Kg6 0-1

[Event "*** Titled Tuesday Blitz"]
[Site "Chess.com"]
[Date "2021.02.09"]
[Round "6"]
[White "esapunov"]
[Black "verdest"]
[Result "1-0"]
[WhiteElo "2734"]
[BlackElo "2493"]
[TimeControl "180+1"]
[EndTime "11:08:19 PST"]
[Termination "esapunov won by resignation"]

1. c4 Nf6 2. Nf3 e6 3. Nc3 d5 4.
d4 Bb4 5. Qa4+ Nc6 6. Bg5 h6 7. Bxf6 Qxf6 8. e3 O-O 9. Rc1 Bd7 10. a3 Bxc3+ 11. Rxc3 a6 12. Qc2 dxc4 13. Bxc4 e5 14. d5 Ne7 15. O-O Ng6 16. Bd3 c6 17. Be4 cxd5 18.
Bxd5 Bf5 19. Qb3 Rad8 20. Rfc1 e4 21. Nd4 Nh4 22. Qxb7 Qg5 23. g3 Rb8 24. Qxa6 Rxb2 25. R3c2 Rxc2 26. Rxc2 Bg6 27. Qb7 Qg4 28. Rc1 Rd8 29. a4 Rxd5 30. Qxd5 Nf3+ 31. Nxf3 exf3 32. Kh1 Qxa4 33. Qd2 Be4 34. h3 Kh7 35. Kh2 Qd7 36. Qxd7 1-0

[Event "*** Titled Tuesday Blitz"]
[Site "Chess.com"]
[Date "2021.02.09"]
[Round "6"]
[White "salomez"]
[Black "shaheus"]
[Result "0-1"]
[WhiteElo "2201"]
[BlackElo "2400"]
[TimeControl "180+1"]
[EndTime "11:08:19 PST"]
[Termination "shaheus won on time"]

1. e4 c5 2. Nf3 Nc6 3. Bb5 g6 4. O-O Bg7 5. Re1 Nf6 6. e5 Nd5 7. Nc3 Nc7 8. Bxc6 dxc6 9. Ne4 Ne6 10. d3 O-O 11. Be3 b6 12. Qd2 Nd4 13. Nxd4 cxd4 14. Bh6 c5 15. Qf4 Bb7 16. Qh4 Bxe4 17. Rxe4 e6 18. Bg5 f6 19. exf6 Bxf6 20. Bxf6 Qxf6 21. Qg3 Rae8 22. Rae1 Rf7 23. Re5 Kg7 24. f3 h6 25. Qg4 Rfe7 26. Qe4 g5 27. b4 cxb4 28. Qxd4 Rc8 29. R1e2 Rc5 30. R5e4 Qxd4+ 31. Rxd4 a5 32.
Rd6 b5 33. d4 Rc4 34. d5 Rd4 35. Rdxe6 Rxe6 36. dxe6 Kf8 37. e7+ Ke8 0-1

[Event "*** Titled Tuesday Blitz"]
[Site "Chess.com"]
[Date "2021.02.09"]
[Round "6"]
[White "VladimirBugayev"]
[Black "stasiek18"]
[Result "1-0"]
[WhiteElo "2283"]
[BlackElo "2374"]
[TimeControl "180+1"]
[EndTime "11:08:19 PST"]
[Termination "VladimirBugayev won on time"]

1. e4 e5 2. Nf3 Nc6 3. d4 exd4 4.
Nxd4 Nf6 5. Nxc6 bxc6 6. e5 Nd5 7. c4 Nb6 8. Bd3 Bb4+ 9. Nc3 O-O 10. O-O d5 11. Qh5 g6 12. Qh6 Re8 13. Bg5 Qd7 14. Bf6 Bf8 15. Qh4 Qg4 16. Qxg4 Bxg4 17. cxd5 cxd5 18.
Bb5 Rec8 19. h3 Be6 20. Ba6 Re8 21. Nb5 Bc8 22. Nxc7 Bxa6 23. Nxa6 Rac8 24. Rac1 Nc4 25. b3 Nd2 26. Rfd1 Ne4 27. Rxc8 Rxc8 28. Rxd5 Nxf6 29. exf6 Rc6 30. Nb8 Rc1+ 31. Kh2 Rc8 32. Nd7 Bb4 33. g3 h6 34. Kg2 g5 35. h4 Kh7 36. h5 Rd8 37. g4 1-0

[Event "*** Titled Tuesday Blitz"]
[Site "Chess.com"]
[Date "2021.02.09"]
[Round "6"]
[White "Gloomy_Wanderer"]
[Black "awesomevishesh"]
[Result "1-0"]
[WhiteElo "2734"]
[BlackElo "2502"]
[TimeControl "180+1"]
[EndTime "11:08:20 PST"]
[Termination "Gloomy_Wanderer won on time"]

1. d4 Nf6 2. Nf3 g6 3. c4 Bg7 4.
g3 O-O 5. Bg2 d6 6. O-O c6 7.
Nc3 Bf5 8. Ne1 d5 9. cxd5 cxd5 10. Qb3 Nc6 11. Qxb7 Nxd4 12. Be3 e5 13. Bxd4 exd4 14.
Nxd5 Rb8 15. Ne7+ Kh8 16. Qxa7 Bd7 17. Nc6 Bxc6 18. Bxc6 Rxb2 19. Bf3 Rb5 20. Nd3 Ra5 21. Qb7 Qd6 22. Rfc1 Kg8 23. Rc6 Qa3 24. Rc8 h5 25.
Rxf8+ Bxf8 26. Kg2 Bg7 27. Rc1 Ra7 28. Rc8+ Kh7 29.
Ra8 Rxa8 30. Qxa8 Qxa8 31. Bxa8 Bf8 32. a4 Bd6 33. a5 Nd7 34. a6 Nc5 35. a7 Nxd3 36.
Bb7 Ne1+ 37. Kf1 d3 38. exd3 1-0